Map: Defender's Landing LE

Players

Blodir - Winner!

  • Race: Zerg Zerg
  • League: Diamond
  • Spawn Location: 1:00

Galeforce

  • Race: Terran Terran
  • League: Diamond
  • Spawn Location: 7:00

VOD

Have the link to the VOD?

Description

Time

  • Played on: June 27, 2017, 1:21 a.m.
  • Length: 10:11
Show
View Real Time Build Order
Export as new Build Order

Blodir Zerg - Winner!

Build Orders: Hatch First 

Get SALT Encoding   

  12  0:01  Drone  
  13  0:13  Overlord  
  13  0:17  Drone  
  14  0:31  Drone x2  
  14  0:35  Drone  
  17  0:53  Hatchery  
  17  0:57  Drone  
  17  0:59  Extractor  
  17  1:02  Drone  
  17  1:17  Spawning Pool  
  16  1:20  Drone  
  16  1:24  Drone  
  18  1:28  Drone  
  19  1:39  Overlord  
  19  1:57  Drone  
  20  2:04  Queen  
  20  2:05  Queen  
  20  2:07  Zergling x2  
  25  2:11  Zergling x2  
  26  2:17  Metabolic Boost  
  26  2:21  Drone  
  27  2:24  Drone  
  27  2:28  Drone  
  29  2:41  Queen  
  29  2:43  Pneumatized Carapace  
  31  2:46  Drone  
  31  2:51  Overlord  
  32  2:57  Evolution Chamber  
  32  2:58  Zergling x2  
  32  3:02  Zergling x2  
  33  3:07  Zergling x4  
  35  3:13  Zergling x4  
  37  3:26  Zergling x10  
  42  3:32  Overlord  
  42  3:38  Zergling x2  
  42  3:39  Zergling x2  
  41  3:55  Zergling x2  
  41  3:56  Zergling x12  
  47  4:06  Zergling x6  
  49  4:25  Zergling x6  
  46  4:33  Zergling x4  
  46  4:34  Queen, Zergling x4  
  46  4:36  Overlord  
  42  4:51  Zergling x4  
  41  4:56  Zergling x2  
  37  5:15  Queen  
  39  5:25  Hatchery  
  39  5:28  Zergling x12  
  40  5:33  Zerg Melee Weapons Level 1  
  38  5:43  Zergling x4  
  36  5:50  Zergling x2  
  36  5:51  Zergling x6  
  40  5:57  Queen  
  40  5:58  Queen  
  40  6:01  Drone x2  
  41  6:13  Drone  
  41  6:15  Drone  
  41  6:17  Drone  
  44  6:24  Drone x4  
  47  6:29  Roach Warren  
  47  6:31  Drone x3  
  49  6:41  Queen  
  49  6:42  Drone x2  
  53  6:49  Drone x2  
  53  6:53  Lair  
  55  6:55  Extractor, Drone  
  55  6:59  Drone x2  
  57  7:07  Zergling x10  
  62  7:21  Zergling x4  
  64  7:23  Drone  
  64  7:28  Zerg Missile Weapons Level 1  
  65  7:31  Overlord x4  
  63  7:45  Drone  
  54  8:01  Glial Reconstitution  
  54  8:03  Roach x6  
  65  8:18  Queen x2  
  69  8:21  Queen  
  69  8:25  Roach x2  
  75  8:35  Roach  
  75  8:36  Roach x3  
  83  8:50  Roach  
  83  8:51  Roach x3  
  83  8:52  Overlord  
  91  8:56  Overlord  
  91  9:07  Roach  
  91  9:08  Roach x3  
  93  9:29  Roach  
  93  9:30  Roach x4  
  103  9:32  Zergling x12  
Show
View Real Time Build Order
Export as new Build Order

Galeforce Terran 

Build Orders: Hellion Opening 

Get SALT Encoding   

  12  0:02  SCV  
  13  0:14  Supply Depot  
  13  0:18  SCV  
  14  0:24  Refinery  
  14  0:30  SCV  
  15  0:43  Barracks  
  15  0:48  SCV  
  16  1:00  SCV  
  17  1:12  SCV  
  18  1:24  SCV  
  19  1:33  Factory  
  19  1:36  Orbital Command  
  19  1:46  Barracks Reactor  
  19  2:04  Command Center  
  19  2:13  Supply Depot  
  19  2:14  SCV  
  20  2:26  SCV  
  21  2:31  Hellion  
  21  2:35  Hellion  
  25  2:38  SCV  
  25  2:42  Refinery  
  26  2:46  Barracks Tech Lab  
  26  2:52  Starport  
  26  2:56  Hellion  
  28  3:01  Hellion  
  30  3:18  Orbital Command  
  30  3:22  Hellion  
  30  3:24  Hellion  
  34  3:42  SCV  
  34  3:44  Hellion  
  34  3:46  Hellion  
  31  4:03  Armory  
  31  4:05  Hellion  
  31  4:07  Hellion  
  31  4:08  Raven  
  37  4:11  SCV  
  37  4:26  Widow Mine  
  37  4:28  Widow Mine  
  33  5:20  Hellion x2, Supply Depot  
  35  5:28  Orbital Command  
  29  5:51  SCV  
  30  5:58  SCV  
  30  6:01  Hellion  
  30  6:02  Hellion  
  30  6:03  SCV  
  36  6:10  SCV  
  37  6:13  Raven  
  37  6:15  SCV  
  40  6:22  SCV, Hellion  
  40  6:23  Hellion x2  
  45  6:26  Hellion x2  
  45  6:27  SCV  
  46  6:44  Supply Depot  
  46  6:45  Supply Depot  
  46  6:55  Supply Depot x2  
  46  6:57  Supply Depot  
  46  7:06  SCV x2, Hellion x2  
  52  7:18  SCV x2  
  54  7:39  Hellion x2  
  54  7:43  SCV  
  54  7:44  SCV  
  54  8:05  SCV x2  
  48  8:09  Hellion  
  48  8:10  Hellion  
  52  8:17  SCV  
  53  8:30  SCV x2  
  55  8:35  Hellion x2  
  59  8:46  Refinery  
  59  8:51  SCV x2  
  61  8:59  Factory  
  61  9:02  Barracks x3  
  61  9:04  Factory  
  55  9:10  Refinery  
  49  9:27  Cyclone  
  40  9:37  Cyclone  
  28  9:49  Factory Tech Lab x2  
Tags
 
Add a new tag
Caveats
  • Supply blocks, unpowered buildings, or Contaminate may cause inaccurate times.
  • Supply counts are checked every 10 seconds.